 Dungeon Crawl Stone Soup version 0.31-a0-1098-g6898e65 (webtiles) character file.

Game seed: 11555456167260011479

16568 PidgeyThePirate the Unseen (level 12, -1/75 HPs)
             Began as a Kobold Brigand on Nov 30, 2023.
             Was a Priest of Dithmenos.
             Slain by Azrael
             ... wielding a +1 scimitar of flaming
              (2 damage)
             ... on level 12 of the Dungeon.
             The game lasted 00:38:17 (13904 turns).

PidgeyThePirate the Unseen (Kobold Brigand)        Turns: 13904, Time: 00:38:17

Health: -1/75      AC: 13    Str: 12    XL:     12   Next: 71%
Magic:  12/12      EV: 23    Int: 13    God:    Dithmenos [***...]
Gold:   984        SH:  0    Dex: 23    Spells: 11/11 levels left

rFire   + . .        T - +2 short sword (speed)
rCold   . . .        m - orb {mayhem}
rNeg    . . .        l - +0 acid dragon scales
rPois   .            K - +2 hat
rElec   .            v - +2 cloak
rCorr   +            (no gloves)
SInv    .            Q - +1 pair of boots {Fly}
Will    .....        (no amulet)
Stlth   +++++        f - ring of protection from fire
HPRegen 0.32/turn    g - +6 ring of dexterity
MPRegen 0.13/turn

%: mayhem
@: confused, ambrosia-drunk, flying, wreathed by umbra
A: small, no large weapons, nightstalker 3
a: Renounce Religion, Shadow Step


You were on level 12 of the Dungeon.
You worshipped Dithmenos.
Dithmenos was most pleased with you.
You visited 2 branches of the dungeon, and saw 13 of its levels.

You collected 984 gold pieces.

Inventory:

Hand Weapons
 a - a +3 dagger
 M - a +2 dagger of protection
 N - a +4 dagger of flaming
 T - a +2 short sword of speed (weapon)
Missiles
 d - 39 poisoned darts
 s - 2 atropa-tipped darts
 J - 5 curare-tipped darts (quivered)
Armour
 l - +0 acid dragon scales (worn)
 m - an orb of mayhem (worn)
 v - a +2 cloak (worn)
 C - a scarf of harm
 I - +0 steam dragon scales
 K - a +2 hat (worn)
 O - a +4 ring mail
 Q - a +1 pair of boots of flying (worn)
Jewellery
 f - a ring of protection from fire (left hand)
 g - a +6 ring of dexterity (right hand)
 G - a ring of fire
Talismans
 c - a beast talisman
Wands
 e - a wand of paralysis (8)
 w - a wand of flame (30)
 E - a wand of digging (3)
 F - a wand of quicksilver (8)
 L - a wand of polymorph (5)
Scrolls
 j - a scroll of vulnerability {unknown}
 k - 5 scrolls of blinking
 o - 2 scrolls of poison {unknown}
 p - 4 scrolls of immolation
 r - a scroll of acquirement {unknown}
 t - 3 scrolls of enchant weapon
 u - 3 scrolls of amnesia {unknown}
 x - 3 scrolls of fog {unknown}
 y - 2 scrolls of enchant armour {unknown}
 z - a scroll of identify
 A - 4 scrolls of teleportation
 B - 2 scrolls of fear {unknown}
 P - 2 scrolls of revelation {unknown}
 R - a scroll of noise {unknown}
Potions
 b - 7 potions of ambrosia
 h - 3 potions of enlightenment
 i - a potion of heal wounds {unknown}
 n - 3 potions of attraction
 q - 2 potions of mutation
 D - a potion of berserk rage
 H - a potion of brilliance
Miscellaneous
 S - a phantom mirror


   Skills:
 + Level 8.9 Fighting
 + Level 12.3 Short Blades
 + Level 4.2 Throwing
 + Level 1.2 Armour
 + Level 11.0 Dodging
 + Level 17.8 Stealth


You had 11 spell levels left.
You didn't know any spells.
Your spell library contained the following spells:

 Spells                   Type           Power      Damage    Failure   Level
 Wereblood                Tmut           0%         N/A       56%         2
 Hailstorm                Conj/Ice       0%         3d3       80%         3
 Ozocubu's Armour         Ice            0%         N/A       80%         3
 Summon Ice Beast         Ice/Summ       0%         N/A       99%         4
 Irradiate                Conj/Tmut      0%         3d11      100%        5
 Simulacrum               Ice/Necr       0%         N/A       100%        6
 Ozocubu's Refrigeration  Ice            0%         4d7       100%        7


Dungeon Overview and Level Annotations

Branches:
Dungeon (12/15)            Temple (1/1) D:7            Lair (0/5) D:9
    Orc (0/2) D:9

Altars:
Ashenzari
Cheibriados
Dithmenos
Elyvilon
Fedhas
Gozag
Hepliaklqana
Kikubaaqudgha
Makhleb
Nemelex Xobeh
Okawaru
Qazlal
Ru
Sif Muna
Trog
Uskayaw
Vehumet
Wu Jian
Xom
Yredelemnul
Zin
The Shining One

Shops:
D:5 *

Annotations:
D:12 Azrael
Temple 2 transporters


Innate Abilities, Weirdness & Mutations

You are small and have problems with some larger weapons.
You are completely attuned to the shadows.


Message History

The hell hound is almost dead.
The hell hound misses you.
You hit the hell hound.
You kill the hell hound!
Dithmenos accepts your kill.
Azrael flies into a frenzy!
Azrael hits the fire elemental with a +1 scimitar of flaming!!
The fire elemental hits Azrael.
The fire elemental completely misses you.
Azrael hits the fire elemental with a +1 scimitar of flaming!
The fire elemental is destroyed!
Dithmenos accepts your kill. The fire elemental closely misses you.
You see here a hell hound corpse.
You hit the fire elemental.
The fire elemental is moderately damaged.
Azrael hits the fire elemental with a +1 scimitar of flaming!!
You hit the fire elemental.
You destroy the fire elemental!
Dithmenos accepts your kill. Azrael completely misses you.
Azrael attacks as he pursues you! Azrael barely misses you.
Azrael hits you with a +1 scimitar of flaming!!
Azrael burns you.
You see here a hell hound corpse.
Okay, then.
A slime creature comes into view.
Azrael hits you with a +1 scimitar of flaming!!
* * * LOW HITPOINT WARNING * * *
Azrael burns you.
* * * LOW HITPOINT WARNING * * *
The slime creature moves out of view.
You are confused.
You feel invigorated.
A slime creature comes into view. x2
Azrael completely misses you.
Azrael hits you with a +1 scimitar of flaming!
* * * LOW HITPOINT WARNING * * *
Azrael burns you.
You die...

# # #...# +
#...# # #...# .
#+####...### .
...)........ .
.......<..[. .
.......@.... .
......RJ.... .
#####☼##.J##
##############○#
J.#
.....○○☼°°.....#
...
.....☼○☼○○.....#
.##○°########..#
###.○# ####
○☼E.R...


You could see 3 slime creatures and the neutral Azrael (fast, strong, frenzied).

Vanquished Creatures
  4 two-headed ogres
  Pikel (D:6)
  2 cyclopes (D:11)
  2 gargoyles
  A kobold demonologist (D:9)
  Maggie (D:6)
  A komodo dragon (D:9)
  An efreet (D:9)
  Jeremiah (D:9)
  A troll (D:11)
  2 hornets (D:10)
  13 yaks
  A vampire (D:9)
  2 wyverns
  A wraith (D:11)
  A basilisk (D:11)
  5 vampire mosquitoes
  4 fire elementals (D:12)
  A steam dragon (D:8)
  Edmund (D:4)
  2 water moccasins (D:9)
  An acid dragon (D:11)
  A hell hound (D:12)
  2 black bears
  4 ice beasts
  3 orc warriors
  2 sky beasts
  2 boggarts (D:8)
  2 ogres (D:5)
  A centaur (D:10)
  7 kobold brigands
  4 bullfrogs
  A gnoll sergeant (D:5)
  7 scorpions
  8 wights
  27 killer bees (D:10)
  6 hounds
  A jelly (D:4)
  Crazy Yiuf (D:2)
  3 orc priests
  A sleepcap (D:4)
  3 iguanas
  Natasha (thrice) (D:2)
  7 orc wizards
  Robin (D:4)
  4 adders
  7 gnolls
  A shadow imp (D:6)
  A white imp (D:7)
  2 ufetubi (D:6)
  A worm (D:5)
  4 dart slugs
  36 orcs
  8 ball pythons
  3 bats
  6 endoplasms
  2 giant cockroaches (D:2)
  12 goblins
  8 hobgoblins
  4 jackals
  3 quokkas
  5 frilled lizards
  21 kobolds
  A rat (D:2)
275 creatures vanquished.

Vanquished Creatures (collateral kills)
  A queen bee (D:10)
  A fire elemental (D:12)
  2 yaks (D:10)
  An acid dragon (D:10)
  5 killer bees (D:10)
  An orc wizard (D:11)
  3 kobolds (D:10)
14 creatures vanquished.

Vanquished Creatures (others)
  4 killer bees (D:10)
  An orc wizard (D:5)
  An orc (D:11)
  A kobold (D:10)
7 creatures vanquished.

Grand Total: 296 creatures vanquished

Notes
Turn   | Place    | Note
-------+----------+-------------------------------------------
     0 | D:1      | PidgeyThePirate the Kobold Brigand began the quest for the
                  | Orb.
     0 | D:1      | Reached XP level 1. HP: 12/12 MP: 1/1
   149 | D:1      | Reached XP level 2. HP: 17/17 MP: 2/2
   260 | D:1      | Reached skill level 6 in Stealth
   318 | D:1      | Found a faded altar of an unknown god.
   953 | D:2      | Reached XP level 3. HP: 22/22 MP: 3/3
  1251 | D:2      | Noticed Natasha
  1255 | D:2      | Killed Natasha
  1256 | D:2      | Reached XP level 4. HP: 27/27 MP: 4/4
  1428 | D:2      | Noticed Natasha
  1448 | D:2      | Killed Natasha
  1449 | D:2      | Reached skill level 7 in Stealth
  1505 | D:2      | Noticed Natasha
  1512 | D:2      | Killed Natasha
  1513 | D:2      | Reached XP level 5. HP: 27/31 MP: 5/5
  1683 | D:2      | Found a runed translucent door.
  1686 | D:2      | Noticed Crazy Yiuf
  1773 | D:2      | Killed Crazy Yiuf
  1989 | D:3      | Found a glowing silver altar of Zin.
  2157 | D:3      | Found a hazy altar of Hepliaklqana.
  2157 | D:3      | Found a broken altar of Ashenzari.
  2267 | D:3      | Reached XP level 6. HP: 30/37 MP: 6/6
  2651 | D:3      | Reached skill level 8 in Stealth
  2916 | D:4      | Noticed Edmund
  2920 | D:4      | Killed Edmund
  2921 | D:4      | Reached skill level 5 in Short Blades
  2921 | D:4      | Reached XP level 7. HP: 41/41 MP: 7/7
  2995 | D:4      | Reached skill level 9 in Stealth
  3481 | D:4      | Noticed Robin
  3501 | D:4      | Killed Robin
  4098 | D:5      | Entered Level 5 of the Dungeon
  4196 | D:5      | Reached skill level 10 in Stealth
  4196 | D:5      | Reached XP level 8. HP: 11/48 MP: 8/8
  5236 | D:5      | Reached XP level 9. HP: 52/52 MP: 9/9
  5307 | D:5      | Found Enypri's Mayhem Merchandise.
  5532 | D:5      | Reached skill level 11 in Stealth
  5869 | D:6      | Noticed Pikel
  5896 | D:6      | Killed Pikel
  5897 | D:6      | Reached skill level 5 in Fighting
  5897 | D:6      | Reached skill level 5 in Dodging
  5897 | D:6      | Reached skill level 12 in Stealth
  6287 | D:6      | Noticed Maggie
  6308 | D:6      | Killed Maggie
  6357 | D:6      | Reached skill level 13 in Stealth
  6490 | D:6      | Reached XP level 10. HP: 59/59 MP: 10/10
  6956 | D:7      | Found a staircase to the Ecumenical Temple.
  7089 | Temple   | Found a transporter.
  7089 | Temple   | Found a transporter.
  7089 | Temple   | Found a transporter.
  7089 | Temple   | Found a transporter.
  7089 | Temple   | Entered the Ecumenical Temple
  7105 | Temple   | Became a worshipper of Dithmenos the Shadowed
  8160 | D:8      | Reached skill level 14 in Stealth
  8238 | D:8      | Noticed a two-headed ogre
  8242 | D:8      | Killed a two-headed ogre
  8243 | D:8      | Reached skill level 10 in Short Blades
  8447 | D:8      | Noticed a two-headed ogre
  8447 | D:8      | Noticed a two-headed ogre
  8471 | D:8      | Killed a two-headed ogre
  8472 | D:8      | Reached skill level 15 in Stealth
  8477 | D:8      | Killed a two-headed ogre
  8478 | D:8      | Reached XP level 11. HP: 64/64 MP: 11/11
  8763 | D:9      | Reached skill level 16 in Stealth
  9036 | D:9      | Reached * piety under Dithmenos
  9260 | D:9      | Found a white marble altar of Elyvilon.
  9260 | D:9      | Found an ornate altar of the Wu Jian Council.
  9442 | D:9      | Found a staircase to the Orcish Mines.
  9483 | D:9      | Found a staircase to the Lair.
  9620 | D:9      | Noticed Jeremiah
  9624 | D:9      | Killed Jeremiah
  9731 | D:9      | Identified the +2 broad axe of Geodghid {protect, Int+3}
 10582 | D:10     | Entered Level 10 of the Dungeon
 10875 | D:10     | Reached ** piety under Dithmenos
 10942 | D:10     | Reached skill level 17 in Stealth
 11129 | D:10     | Reached XP level 12. HP: 43/73 MP: 12/12
 11575 | D:10     | Reached skill level 10 in Dodging
 11822 | D:10     | Reached *** piety under Dithmenos
 13374 | D:12     | Noticed a two-headed ogre
 13378 | D:12     | Killed a two-headed ogre
 13574 | D:12     | Noticed Azrael
 13827 | D:12     | Reached skill level 1 in Armour
 13902 | D:12     | HP: 2/75 [Azrael/+1 scimitar of flaming (4)]
 13904 | D:12     | Slain by Azrael

Illustrated notes

Levels and vault maps discovered:
D:1:      lightli_arrival_farm, layout_basic,
          hellmonk_ecumenical_altar_crossroads
D:2:      layout_basic, uniq_natasha, uniq_crazy_yiuf_cottage
D:3:      layout_basic, jmf_multi_god_temple, nicolae_overflow_hidden_temple,
          hex_medium, minmay_randomly_rotated_circles
D:4:      layout_basic, uniq_edmund, uniq_robin
D:5:      kennysheep_six_static_rooms, layout_gridville, minmay_shop_mayhem,
          minmay_misc_feat_plants, reono_crystal_passage
D:6:      layout_loops_ring, supply_closet_lemuel, uniq_maggie, uniq_pikel
D:7:      layout_rooms, minmay_temple_entry_statues_pillars
D:8:      layout_gridville, nicolae_concentric_dashed_squares_wild,
          nicolae_phantomly_mirrored
D:9:      layout_gridville, gammafunk_temple_overflow_elements,
          due_lair_maze_entry_diamond, david_orc_2, uniq_jeremiah
D:10:     layout_roguey [special_room_bee]
D:11:     layout_irregular_city, uniq_psyche
D:12:     layout_stronghold, uniq_azrael
Temple:   hellmonk_temple_divided_pantheon

Skill      XL: |  1  2  3  4  5  6  7  8  9 10 11 12 |
---------------+-------------------------------------+-----
Stealth        | 6 7 8 10 13 15 17 | 17.8
Short Blades   | 3 4 5 7 9 10 11 12 | 12.3
Dodging        | 2 3 4 5 7 9 11 | 11.0
Fighting       | 3 4 5 6 7 8 |  8.9
Throwing       | 3 4 |  4.2
Armour         | 1 |  1.2

Action                     |  1- 3 |  4- 6 |  7- 9 | 10-12 || total
---------------------------+-------+-------+-------+-------++-------
  Melee: Dagger            |    47 |    87 |   375 |   166 ||   675
         Punch             |       |       |     4 |     8 ||    12
         Short sword       |       |       |       |   996 ||   996
  Throw: Dart              |       |     6 |    18 |     5 ||    29
    Use: Potion            |       |     1 |     1 |     7 ||     9
         Scroll            |       |       |       |    10 ||    10
   Stab: Sleeping          |    12 |    11 |    30 |    33 ||    86
         Distracted        |     1 |       |     1 |     8 ||    10
         Invisible         |       |     3 |     1 |     1 ||     5
         Confused          |       |       |     1 |       ||     1
 Armour: Robe              |    16 |    21 |   101 |       ||   138
         Steam dragon scal |       |       |    10 |   199 ||   209
         Skin              |       |       |       |    52 ||    52
         Acid dragon scale |       |       |       |    44 ||    44
  Dodge: Dodged            |    37 |    47 |   212 |   729 ||  1025

Table legend: (Time is in decaauts)
 A = Elapsed time spent in this place.
 B = Non-inter-level travel time spent in this place.
 C = Inter-level travel time spent in this place.
 D = Time resting spent in this place.
 E = Time spent auto-exploring this place.
 F = Levels seen in this place.
 G = Mean time per level.
                   A        B        C        D        E       F      G
               +--------+--------+--------+--------+--------+-----+--------+
         Total |  13053 |  12540 |    513 |      0 |   9823 |  13 | 1004.1 |
       Dungeon |  13020 |  12507 |    513 |      0 |   9823 |  12 | 1085.0 |
        Temple |     32 |     32 |      0 |      0 |      0 |   1 |   32.0 |
               +--------+--------+--------+--------+--------+-----+--------+

Top non-repeatable levels by time:
    D:10: 1531 daAuts
     D:9: 1523 daAuts
     D:5: 1495 daAuts
     D:4: 1260 daAuts
     D:8: 1248 daAuts
    D:11: 1125 daAuts
     D:6: 1115 daAuts
     D:2: 1098 daAuts
     D:3: 882 daAuts
     D:1: 839 daAuts
     D:7: 623 daAuts
    D:12: 277 daAuts
  Temple: 32 daAuts
